 Dungeon Crawl Stone Soup version 0.28-a0-730-g892d06dc2c (webtiles) character file.

Game seed: 8975940516349838492

130 cheechan the Chopper (level 5, 0/50 HPs)
             Began as a Naga Chaos Knight on Oct 28, 2021.
             Was a Plaything of Xom.
             Slain by Pikel (6 damage)
             ... on level 4 of the Dungeon.
             The game lasted 00:08:09 (2612 turns).

cheechan the Chopper (Naga Chaos Knight)            Turns: 2612, Time: 00:08:10

Health: 0/50       AC:  5    Str: 15    XL:     5   Next: 13%
Magic:  5/5        EV:  9    Int: 13    God:    Xom [.*....]
Gold:   160        SH:  0    Dex: 10    Spells: 4/4 levels left

rFire   . . .      SeeInvis +   a - +0 hand axe (chaos)
rCold   . . .      Faith    .   (no shield)
rNeg    . . .      Spirit   .   i - +2 leather armour {rPois}
rPois   +          Reflect  .   (no helmet)
rElec   .          Harm     .   (no cloak)
rCorr   +          Rampage  .   (no gloves)
Will    .....                   (no barding)
Stlth   +.........              (no amulet)
HPRegen 0.16/turn               g - ring of resist corrosion
MPRegen 0.09/turn               (no ring)

@: very slow
A: AC +1, large, see invisible, deformed body, poison resistance, slowness 2,
spit poison 1, naga tail 1
a: Spit Poison, Renounce Religion


You were on level 4 of the Dungeon.
You worshipped Xom.
You were a plaything of Xom.
You visited 1 branch of the dungeon, and saw 4 of its levels.

You collected 160 gold pieces.

Inventory:

Hand Weapons
 a - a +0 hand axe of chaos (weapon)
 l - a +0 war axe
Missiles
 c - 32 stones
 f - 69 arrows
Armour
 b - a +2 leather armour
 i - a +2 leather armour of poison resistance (worn)
Jewellery
 g - a ring of resist corrosion (left hand)
 k - a ring of see invisible
Potions
 d - 2 potions of attraction
 e - a potion of resistance
 h - a potion of flight {unknown}


   Skills:
 + Level 3.7 Fighting
 + Level 4.2 Axes
 + Level 2.4 Armour
 + Level 1.4 Dodging
 + Level 1.0 Stealth


You had 4 spell levels left.
You didn't know any spells.
Your spell library contained the following spells:

 Spells                   Type           Power      Damage    Failure   Level
 Ensorcelled Hibernation  Hex/Ice        0%         N/A       50%         2
 Frozen Ramparts          Ice            0%         1d2       75%         3
 Spider Form              Tmut/Pois      0%         N/A       75%         3
 Animate Dead             Necr           0%         N/A       98%         4
 Ice Form                 Ice/Tmut       0%         N/A       98%         4
 Summon Ice Beast         Ice/Summ       0%         N/A       98%         4
 Haunt                    Necr/Summ      0%         N/A       100%        7
 Infestation              Necr           0%         N/A       100%        8


Dungeon Overview and Level Annotations

Branches:
Dungeon (4/15)
 Temple: D:4-7

Altars:
The Shining One

Shops:
D:2 =

Annotations:
D:4 Pikel


Innate Abilities, Weirdness & Mutations

Your serpentine skin is tough. (AC +1)
You have supernaturally acute eyesight. (SInv)
Armour fits poorly on your strangely shaped body.
Your system is resistant to poisons. (rPois)
You cover ground very slowly.
You can spit poison.
You have a snake-like lower body.


Message History

Pikel barely misses you.
Pikel says, "You'll burn in Gehenna!"
Pikel hits you with a +2 whip of freezing.
Pikel freezes you.
You barely miss Pikel.
Pikel is almost dead.
Pikel zaps a wand.
You resist with some effort. The lemure hits you.
* * * LOW HITPOINT WARNING * * *
You miss Pikel.
Pikel is almost dead.
You hit the withered plant.
The withered plant begins to crumble.
You closely miss the lemure. The lemure hits you but does no damage.
Pikel hits you with a +2 whip of freezing.
* * * LOW HITPOINT WARNING * * *
Pikel freezes you.
* * * LOW HITPOINT WARNING * * *
You hear Xom's avuncular chuckle.
The lemure seems to speed up.
You are now a plaything of Xom.
The lemure hits you.
* * * LOW HITPOINT WARNING * * *
The lemure hits you but does no damage.
The adder bites the withered plant.
The withered plant begins to crumble.
You closely miss Pikel.
Pikel is almost dead.
You hit the lemure.
The lemure is poisoned.
You hit the withered plant. You barely miss the withered plant.
You feel less confused. The lemure hits you.
* * * LOW HITPOINT WARNING * * *
The adder bites the withered plant.
The scorpion zombie hits the withered plant!
The lemure hits you.
You die... "Leave my toy alone!"
Xom revives you!
Pikel hits you with a +2 whip of freezing.
You die...
Xom chuckles heartily!

..P....#
...... .Z>.
..# .
####Z###...#
#...5......#
#..SZ#####.#
#55KP####
.###.P@.##..
..........#.#
#.##......#.#
.........#.#.#
###......#.#.#
##.####.#.#.#
..[.....#§#§#
########..§§§#
##.§§..#


You could see Pikel (poisoned), 3 lemures, an adder, a jackal zombie and a
scorpion zombie.

Vanquished Creatures
  A lemure (D:4)
  An orc priest (D:3)
  A hound zombie (D:4)
  A gnoll (D:1)
  An adder (D:3)
  An adder skeleton (D:4)
  A worm (D:3)
  3 dart slugs
  2 orcs (D:3)
  7 ball pythons
  3 endoplasms
  A giant cockroach (D:1)
  7 hobgoblins
  4 jackals (D:3)
  3 quokkas
  5 bats
  A frilled lizard (D:3)
  A goblin (D:1)
  3 kobolds (D:2)
  4 rats
51 creatures vanquished.

Vanquished Creatures (others)
  2 fungi (D:3)
  A plant (D:3)
  A withered plant (D:4)
4 creatures vanquished.

Grand Total: 55 creatures vanquished

Notes
Turn   | Place    | Note
-------+----------+-------------------------------------------
     0 | D:1      | cheechan the Naga Chaos Knight began the quest for the Orb.
     0 | D:1      | Reached XP level 1. HP: 21/21 MP: 1/1
   147 | D:1      | XOM: silly message
   188 | D:1      | XOM: potion effect (curing)
   192 | D:1      | XOM: smoke on damage
   194 | D:1      | Reached XP level 2. HP: 5/28 MP: 2/2
   716 | D:1      | Reached XP level 3. HP: 32/34 MP: 3/3
  1114 | D:2      | Found Tinoxogg's Jewellery Shop.
  1582 | D:3      | XOM: confusion (+ monsters)
  1589 | D:3      | Reached skill level 1 in Dodging
  1592 | D:3      | Reached skill level 4 in Axes
  1592 | D:3      | Reached XP level 4. HP: 20/43 MP: 4/4
  2035 | D:3      | Found a glowing golden altar of the Shining One.
  2147 | D:3      | Found a faded altar of an unknown god.
  2159 | D:3      | XOM: 10-stop teleportation journey
  2449 | D:4      | Reached XP level 5. HP: 41/50 MP: 5/5
  2472 | D:4      | Reached skill level 1 in Stealth
  2474 | D:4      | Noticed a lemure
  2474 | D:4      | XOM: swap monsters
  2482 | D:4      | Killed a lemure
  2591 | D:4      | Noticed Pikel
  2591 | D:4      | Noticed a lemure
  2591 | D:4      | Noticed a lemure
  2591 | D:4      | Noticed a lemure
  2605 | D:4      | XOM: confusion
  2611 | D:4      | XOM: enchant monster (bad)
  2612 | D:4      | Xom revived you
  2612 | D:4      | Slain by Pikel

Illustrated notes

Levels and vault maps discovered:
D:1:      dpeg_arrival_simpleton_c, layout_basic
D:2:      layout_basic, serial_shops, nicolae_shop_statue_plus
D:3:      layout_loops_cross, mainiacjoe_overflow_24_doors,
          dreamdust_ecumenical_altar_grove
D:4:      layout_basic, serial_undead, serial_undead_a, serial_undead_b,
          serial_undead_b, serial_undead_f, serial_undead_f, uniq_pikel,
          uniq_sigmund

Skill      XL: |  1  2  3  4  5 |
---------------+----------------+-----
Armour         | 2 |  2.4
Dodging        | 1 |  1.4
Axes           | 4 |  4.2
Stealth        | 1 |  1.0
Fighting       | |  3.7

Action                   |  1- 3 |  4- 6 || total
-------------------------+-------+-------++-------
Melee: Hand axe          |    96 |    65 ||   161
 Abil: Spit Poison       |     6 |     5 ||    11
  Use: Scroll            |     5 |     2 ||     7
       Potion            |       |     1 ||     1
Armor: Leather armour    |    66 |    33 ||    99
Dodge: Dodged            |    48 |    40 ||    88

Table legend: (Time is in decaauts)
 A = Elapsed time spent in this place.
 B = Non-inter-level travel time spent in this place.
 C = Inter-level travel time spent in this place.
 D = Time resting spent in this place.
 E = Time spent auto-exploring this place.
 F = Levels seen in this place.
 G = Mean time per level.
                   A        B        C        D        E       F      G
               +--------+--------+--------+--------+--------+-----+--------+
         Total |   3314 |   3314 |      0 |    633 |      0 |   4 |  828.5 |
       Dungeon |   3314 |   3314 |      0 |    633 |      0 |   4 |  828.5 |
               +--------+--------+--------+--------+--------+-----+--------+

Top non-repeatable levels by time:
     D:3: 1318 daAuts
     D:1: 1050 daAuts
     D:2: 692 daAuts
     D:4: 251 daAuts
